Map: Acropolis LE

Players

Mez

  • Race: Terran Terran
  • League: Master
  • Spawn Location: 11:00

A.I. 1 (Very Easy) - Winner!

  • Race: Protoss Protoss
  • Spawn Location: 5:00

VOD

Have the link to the VOD?

Description

Time

  • Played on: Aug. 19, 2019, 10:42 a.m.
  • Length: 8:30
Show
View Real Time Build Order
Export as new Build Order

Mez Terran 

Build Orders: Reaper Expand 

Get SALT Encoding   

  12  0:00  SCV  
  13  0:13  SCV  
  14  0:17  Supply Depot  
  14  0:25  SCV  
  15  0:38  SCV  
  15  0:39  Barracks  
  16  0:44  Refinery  
  16  0:50  SCV  
  17  1:03  SCV  
  18  1:15  SCV  
  19  1:27  Reaper, Orbital Command  
  20  1:39  Command Center  
  20  1:46  Bunker  
  20  1:54  SCV  
  21  1:57  Supply Depot  
  21  1:59  Marine  
  22  2:06  SCV  
  23  2:18  Barracks Reactor  
  23  2:27  SCV  
  24  2:34  Command Center  
  24  2:41  Factory  
  24  2:43  SCV  
  25  2:51  Orbital Command  
  25  2:56  Marine x2  
  28  2:58  SCV  
  28  3:04  Refinery  
  28  3:10  SCV  
  29  3:14  Marine x2  
  29  3:16  SCV  
  32  3:23  SCV  
  32  3:26  Widow Mine  
  35  3:27  Starport  
  35  3:30  SCV  
  36  3:34  Marine x2  
  36  3:35  SCV  
  39  3:42  SCV  
  39  3:47  SCV, Orbital Command  
  39  3:48  Widow Mine  
  43  3:52  Refinery  
  43  3:59  SCV  
  43  4:00  SCV  
  43  4:01  Marine x2  
  47  4:06  Starport Tech Lab  
  47  4:11  SCV  
  47  4:12  SCV  
  47  4:13  Factory Tech Lab  
  49  4:17  SCV  
  49  4:19  Marine x2  
  49  4:21  Supply Depot  
  52  4:26  Raven  
  52  4:29  SCV x2  
  52  4:31  SCV, Barracks  
  56  4:34  Siege Tank  
  60  4:40  Marine  
  60  4:42  Marine  
  60  4:43  SCV x3  
  60  4:45  Supply Depot  
  65  4:49  Barracks  
  65  4:53  Supply Depot  
  65  4:55  SCV x2  
  65  4:57  Refinery, SCV  
  68  5:03  Marine  
  68  5:06  Marine  
  70  5:07  Siege Tank  
  73  5:15  Engineering Bay x2  
  73  5:16  Supply Depot  
  73  5:18  Starport Reactor  
  73  5:21  Supply Depot  
  73  5:24  SCV x2  
  73  5:28  Marine x2  
  77  5:36  Orbital Command  
  77  5:54  Stimpack  
  77  5:57  Terran Infantry Armor Level 1, Terran Infantry Weapons Level 1  
  77  5:58  Combat Shield, Barracks  
  77  5:59  Barracks  
  77  6:00  Marine x2, Factory Reactor  
  77  6:01  Marauder x2  
  83  6:05  Medivac  
  83  6:06  Medivac  
  83  6:08  SCV x2  
  83  6:09  SCV  
  90  6:17  Supply Depot  
  90  6:18  Supply Depot  
  90  6:20  SCV  
  90  6:21  SCV x2  
  93  6:25  Marine  
  93  6:26  Marine, Marauder  
  93  6:27  Marauder  
  99  6:33  SCV x2  
  99  6:38  Medivac x2  
  99  6:39  Widow Mine  
  109  6:40  Widow Mine  
  109  6:42  SCV  
  109  6:43  Marine x2  
  109  6:45  Refinery, SCV x2  
  114  6:47  Refinery, Marauder  
  114  6:54  Supply Depot  
  116  6:55  Supply Depot  
  116  6:56  Barracks Reactor  
  116  6:57  Supply Depot, Armory, Barracks Tech Lab  
  116  7:03  Supply Depot  
  116  7:07  Supply Depot  
  116  7:08  Marine  
  117  7:15  Widow Mine x2, Marauder, Medivac  
  125  7:16  Marine, Marauder  
  125  7:20  Marauder  
  125  7:22  Concussive Shells  
  130  7:26  Marine  
  131  7:34  Marine  
  131  7:35  Supply Depot  
  131  7:36  SCV x3, Supply Depot  
  137  7:37  Marauder  
  137  7:38  Marauder  
  137  7:40  Marine x2  
  137  7:41  Marine  
  137  7:42  Widow Mine x2  
  137  7:43  Marine  
  147  7:48  SCV x2  
  149  7:52  Marine  
  149  7:56  SCV  
  149  7:57  Marine  
  149  7:58  Marine, Marauder  
  159  7:59  Marine, Marauder  
  159  8:00  SCV x2  
  159  8:01  Marine  
  161  8:11  SCV  
  161  8:12  SCV x2  
  168  8:17  Supply Depot  
  168  8:18  Supply Depot  
  168  8:19  Supply Depot  
  170  8:21  Ghost Academy  
  170  8:24  Starport  
Show
View Real Time Build Order
Export as new Build Order

A.I. 1 (Very Easy) Protoss - Winner!

Build Orders:  

Get SALT Encoding   

  12  0:00  Probe  
  13  0:13  Probe  
  14  0:20  Pylon  
  14  0:36  Assimilator  
  14  0:43  Gateway  
  14  0:46  Pylon  
  14  1:13  Assimilator  
  14  1:23  Probe  
  14  1:31  Probe  
  15  1:33  Zealot, Cybernetics Core  
  15  1:39  Probe  
  19  1:50  Probe  
  20  2:00  Probe  
  20  2:08  Probe  
  21  2:09  Warp Gate  
  22  2:42  Stalker  
  24  5:17  Probe  
  24  6:21  Probe  
  24  7:08  Probe  
  25  7:09  Adept  
  25  7:11  Pylon  
  25  7:14  Robotics Facility  
  27  7:16  Nexus  
  27  7:20  Probe  
  28  7:29  Probe  
  25  7:37  Probe  
  26  7:46  Probe, Pylon  
  27  8:03  Observer  
  28  8:09  Stalker  
Tags
 
Add a new tag
Caveats
  • Supply blocks, unpowered buildings, or Contaminate may cause inaccurate times.
  • Supply counts are checked every 10 seconds.